 Dungeon Crawl Stone Soup version 0.31-a0-1499-ge0622b2318 (webtiles) character file.

Game seed: 9822863643546821968

171798 bmb222 the Warrior (level 17, -13/146 HPs)
             Began as a Demonspawn Fighter on Dec 29, 2023.
             Was the Champion of Wu Jian.
             Killed from afar by a salamander tyrant (26 damage)
             ... on level 4 of the Snake Pit on Dec 30, 2023.
             The game lasted 00:45:27 (30525 turns).

bmb222 the Warrior (Demonspawn Fighter)            Turns: 30525, Time: 00:45:29

Health: -13/146    AC: 26    Str: 33    XL:     17   Next: 40%
Magic:  8/17       EV: 35    Int: 11    God:    Wu Jian [******]
Gold:   2853       SH:  0    Dex: 25    Spells: 16/16 levels left

rFire   + . .        C - +9 sword of Power {lifebolt}
rCold   . . .        (shield currently unavailable)
rNeg    + . .        u - +6 scale mail of Bulaixek {Regen+ rCorr Int+5 Dex-2}
rPois   .            Y - +2 helmet of Demar {Rampage Dex+2}
rElec   +            U - +0 cloak {Will+}
rCorr   +            b - +2 pair of gloves {infuse}
SInv    .            j - +1 pair of boots of Nujuw {rF+ Str+4}
Will    ++++.        S - amulet of Propriety {Acrobat Harm rElec Regen+ Str+4}
Stlth   +++++        F - ring "Puiciah" {Will++ Slay+4}
HPRegen 2.04/turn    H - ring "Xuafezy" {rN+ Str+6 Slay+2}
MPRegen 0.15/turn

%: harm (+30% outgoing, +20% incoming), acrobat, clarity, infuse magic (1 MP)
@: lethally poisoned (-13 -> -21), exhausted, weakened, acrobatic
A: claws 2, thin skeletal structure 3, foul stench 2, condensation shield,
clarity, dopey 1
a: Renounce Religion, Wall Jump, Serpent's Lash, Heavenly Storm


You were on level 4 of the Snake Pit.
You worshipped Wu Jian.
Wu Jian was exalted by your worship.
You visited 6 branches of the dungeon, and saw 28 of its levels.
You also visited: Sewer, Bailey and Gauntlet.

You collected 2967 gold pieces.
You spent 114 gold pieces at shops.

Inventory:

Hand Weapons
 c - a +2 scimitar of flaming
 x - a +1 demon blade of freezing
 C - the +9 sword of Power (weapon) {lifebolt}
   (You found it on level 14 of the Dungeon)
 Q - the +7 halberd "Veluh" {freeze, +Blink Will+ rCorr Stlth+}
   (You found it in a bailey)

   Will+:     It increases your willpower.
   +Blink:    It lets you blink.
   rCorr:     It protects you from acid and corrosion.
   Stlth+:    It makes you more stealthy.
 W - a +2 falchion of distortion
Missiles
 Z - 4 throwing nets
Armour
 b - a +2 pair of gloves of infusion (worn)
 j - the +1 pair of boots of Nujuw (worn) {rF+ Str+4}
   (You acquired it on level 5 of the Dungeon)

   Str+4:     It affects your strength (+4).
   rF+:       It protects you from fire.
 u - the +6 scale mail of Bulaixek (worn) {Regen+ rCorr Int+5 Dex-2}
   (You found it on level 3 of the Dungeon)

   Int+5:     It affects your intelligence (+5).
   Dex-2:     It affects your dexterity (-2).
   Regen+:    It increases your rate of health regeneration.
   rCorr:     It protects you from acid and corrosion.
 U - a +0 cloak of willpower (worn)
 Y - the +2 helmet of Demar (worn) {Rampage Dex+2}
   (You found it in a Gauntlet)

   Dex+2:     It affects your dexterity (+2).
   Rampage:   It bestows one free step when moving towards enemies.
Jewellery
 F - the ring "Puiciah" (left hand) {Will++ Slay+4}
   (You took it off an orc warrior on level 7 of the Dungeon)

   [ring of slaying]

   Slay+4:    It affects your accuracy & damage with ranged weapons and melee
   (+4).
   Will++:    It greatly increases your willpower.
 H - the ring "Xuafezy" (right hand) {rN+ Str+6 Slay+2}
   (You found it on level 7 of the Dungeon)

   [ring of strength]

   Str+6:     It affects your strength (+6).
   Slay+2:    It affects your accuracy & damage with ranged weapons and melee
   (+2).
   rN+:       It protects you from negative energy.
 I - the amulet "Celoeva" {Reflect Regen+ SH+5}
   (You found it on level 7 of the Dungeon)

   [amulet of reflection]

   Reflect:   It reflects blocked missile attacks.
   Regen+:    It increases your rate of health regeneration.
   SH+5:      It affects your SH (+5).
 J - the ring "Gilaoh" {rPois rN+ Dex+3 Slay-5}
   (You found it on level 2 of the Snake Pit)

   [ring of positive energy]

   Dex+3:     It affects your dexterity (+3).
   Slay-5:    It affects your accuracy & damage with ranged weapons and melee
   (-5).
   rPois:     It protects you from poison rN+: It protects you from negative
   energy.
 K - an amulet of guardian spirit
 S - the amulet of Propriety (around neck) {Acrobat Harm rElec Regen+ Str+4}
   (You found it on level 10 of the Dungeon)

   [amulet of the acrobat]

   Acrobat:   It increases your evasion while moving and waiting.
   Str+4:     It affects your strength (+4).
   rElec:     It insulates you from electricity.
   Regen+:    It increases your rate of health regeneration.
   Harm:      It increases damage dealt and taken.
 X - the amulet "Enoy" {Spirit rElec rPois Int+2}
   (You found it on level 3 of the Snake Pit)

   [amulet of guardian spirit]

   Spirit:    It causes incoming damage to be divided between your reserves of
   health and magic.
   Int+2:     It affects your intelligence (+2).
   rElec:     It insulates you from electricity.
   rPois:     It protects you from poison
Wands
 h - a wand of roots (40)
 p - a wand of digging (8)
 w - a wand of flame (38)
 A - a wand of mindburst (7)
 D - a wand of paralysis (16)
 N - a wand of quicksilver (7)
Scrolls
 a - 7 scrolls of identify
 f - a scroll of revelation
 k - 2 scrolls of blinking
 m - 2 scrolls of fog
 t - 7 scrolls of teleportation
 y - 4 scrolls of amnesia
 z - 2 scrolls of torment
 B - 4 scrolls of vulnerability
 L - 2 scrolls of brand weapon
 M - 3 scrolls of immolation
 O - a scroll of summoning
 P - 6 scrolls of fear
 R - 4 scrolls of poison
 V - a scroll of enchant armour
Potions
 d - 4 potions of might
 e - 8 potions of haste
 i - 6 potions of heal wounds
 l - 2 potions of magic
 n - 8 potions of curing
 o - 7 potions of enlightenment
 r - 5 potions of lignification
 s - a potion of ambrosia
 v - 4 potions of attraction
 E - a potion of berserk rage
 G - 2 potions of cancellation
 T - 7 potions of brilliance
Miscellaneous
 g - a box of beasts
 q - a condenser vane


   Skills:
 * Level 16.6 Fighting
 - Level 5.2(11.7) Short Blades
 * Level 16.1(16.5) Long Blades
 + Level 11.0 Armour
 - Level 11.5 Dodging
 - Level 5.2 Stealth
 - Level 9.1 Shields
 - Level 7.6 Evocations


You had 16 spell levels left.
You didn't know any spells.
Your spell library contained the following spells:

 Spells                   Type           Power      Damage    Failure   Level
 Apportation              Tloc           0%         N/A       52%         1
 Kiss of Death            Conj/Necr      0%         2d5       52%         1
 Magic Dart               Conj           0%         1d3       52%         1
 Sting                    Conj/Alch      0%         1d3       52%         1
 Summon Small Mammal      Summ           0%         N/A       52%         1
 Cigotuvi's Dreadful Rot  Necr/Alch/Air  0%         N/A       65%         2
 Ensorcelled Hibernation  Hex/Ice        0%         N/A       65%         2
 Jinxbite                 Hex            0%         N/A       65%         2
 Mercury Vapours          Alch/Air       0%         N/A       65%         2
 Searing Ray              Conj           0%         2d4       65%         2
 Static Discharge         Conj/Air       0%         3-3/arc   65%         2
 Call Canine Familiar     Summ           0%         N/A       87%         3
 Confusing Touch          Hex            0%         N/A       87%         3
 Fugue of the Fallen      Necr           0%         N/A       87%         3
 Mephitic Cloud           Conj/Alch/Air  0%         N/A       87%         3
 Passwall                 Erth           0%         N/A       87%         3
 Summon Ice Beast         Ice/Summ       0%         N/A       87%         3
 Swiftness                Air            0%         N/A       87%         3
 Tukima's Dance           Hex            0%         N/A       87%         3
 Airstrike                Air            0%         2d(0-16)  99%         4
 Anguish                  Hex/Necr       0%         N/A       99%         4
 Cause Fear               Hex            0%         N/A       99%         4
 Dimensional Bullseye     Hex/Tloc       0%         N/A       99%         4
 Dispel Undead            Necr           0%         3d6       99%         4
 Fulminant Prism          Conj/Alch      0%         3d5       99%         4
 Ignite Poison            Fire/Alch      0%         N/A       99%         4
 Olgreb's Toxic Radiance  Alch           0%         N/A       99%         4
 Passage of Golubria      Tloc           0%         N/A       99%         4
 Summon Blazeheart Golem  Fire/Summ      0%         N/A       99%         4
 Summon Lightning Spire   Summ/Air       0%         N/A       99%         4
 Vhi's Electric Charge    Tloc/Air       0%         N/A       99%         4
 Alistair's Intoxication  Alch           0%         N/A       100%        5
 Arcjolt                  Conj/Air       0%         1d10      100%        5
 Freezing Cloud           Conj/Ice/Air   0%         6-21      100%        5
 Iskenderun's Battlesphe  Conj           0%         2d6       100%        5
 Summon Mana Viper        Hex/Summ       0%         N/A       100%        5
 Yara's Violent Unravell  Hex/Alch       0%         3d3       100%        5
 Bombard                  Conj/Erth      0%         9d1       100%        6
 Enfeeble                 Hex            0%         N/A       100%        7
 Monstrous Menagerie      Summ           0%         N/A       100%        7
 Orb of Destruction       Conj           0%         9d5       100%        7
 Spellforged Servitor     Conj/Summ      0%         N/A       100%        7
 Maxwell's Capacitive Co  Air            0%         ∞         100%        8


Dungeon Overview and Level Annotations

Branches:
Dungeon (15/15)            Temple (1/1) D:5            Lair (5/5) D:10
 Shoals (0/4) Lair:3        Snake (4/4) Lair:2        Slime (0/5) Lair:4
    Orc (2/2) D:10            Elf (0/3) Orc:2        Vaults (0/5) D:14
 Depths (1/4) D:15          Sewer (visited)          Bailey (visited)
Gauntlet (visited)

Altars:
Ashenzari
Cheibriados
Dithmenos
Fedhas
Gozag
Hepliaklqana
Kikubaaqudgha
Makhleb
Nemelex Xobeh
Okawaru
Qazlal
Ru
Sif Muna
Trog
Uskayaw
Vehumet
Wu Jian
Xom
Yredelemnul
Jiyva

Shops:
D:4 :   D:5 ?   D:14 =   Orc:2 ?=[!

Annotations:
D:13 3 runed translucent doors, Fack's ghost, journeyman GnFi
Lair:4 1 runed translucent door


Innate Abilities, Weirdness & Mutations

You have very sharp fingernails.
You have an unnaturally thin skeletal structure. (Dex +6, Stealth+++)
You sometimes emit foul miasma when damaged in melee.
A meltable shield of frost defends you. (SH +0)
You possess an exceptional clarity of mind.
You are dopey. (Int -2)


Message History

The splash of poison hits you but does no damage.
You are more poisoned.
You feel extremely sick.
The salamander mystic points at something and mumbles some strange words.
You feel very sick.
You feel very sick.
You feel very sick.
You feel very sick. The naga spits poison at you.
The splash of poison hits you but does no damage.
You are more poisoned.
You feel very sick. The nagaraja spits poison at you.
The splash of poison hits you!
You are more poisoned.
You feel very sick.
The nagaraja no longer looks unusually strong.
The salamander mystic no longer looks unusually strong.
The nagaraja spits poison at you.
The splash of poison hits you but does no damage.
You are more poisoned.
You feel very sick.
A salamander tyrant comes into view.
You feel very sick. The nagaraja casts a spell at you.
The poison arrow hits you!!
You are more poisoned.
* * * LOW HITPOINT WARNING * * *
* * * LOW HITPOINT WARNING * * *
You feel extremely sick.
The salamander tyrant gazes fiercely through you!
You feel your attacks grow feeble.
You see here an amulet of regeneration.
* * * LOW HITPOINT WARNING * * *
You feel extremely sick.
The salamander tyrant rends the earth beneath you!
The blast of magma engulfs you!!
Your condensation shield dissipates!
You partially resist.
You die...

......................###)###....
...............(.....##.....##...
....................##.......##..
....................#..#####..#.#
)..................##.##...##.###
).........[........#...........#
...(......#.......##..#.....#..##
.##.......N.#..†..#..##.8.8.##..#
))#........N.N.≈@)#..#.......#()#
).............".≈≈)..#...<...#..'
).................#..#.......#..#
....N.............#..##.8.8.##..#
..................##..#.....#..##
..................N#...........#
...................##.##...##.##
............#.......#..#####..#
...#................##.......##


You could see a nagaraja (fast), a salamander tyrant, a salamander mystic and a
naga (fast).

Vanquished Creatures
  2 acid blobs (Lair:5)
  Kirke (D:12)
  An azure jelly (Lair:5)
  A storm dragon (D:14)
  A nagaraja (Snake:4)
  A rockslime (Lair:5)
  A fire giant (D:14)
  An orc warlord (Orc:1)
  2 quicksilver oozes
  A minotaur (Gauntlet)
  2 ettins
  A great orb of eyes (Lair:5)
  15 vault guards (D:14)
  4 hydras
  Erolcha (D:12)
  Fannar (Lair:1)
  7 anacondas
  5 boulder beetles
  3 catoblepae (Lair:5)
  4 ogre magi (Orc:2)
  5 two-headed ogres
  2 centaur warriors (D:15)
  12 naga warriors
  2 tengu warriors (D:15)
  17 death yaks
  7 shock serpents
  6 naga sharpshooters
  Nergalle (Orc:2)
  4 skeletal warriors (D:14)
  A skyshark (shapeshifter) (D:15)
  A fire crab (shapeshifter) (D:15)
  The ghost of BigPumpCobain the Mimic, a novice TrSh of Makhleb (D:8)
  3 skysharks
  2 salamander mystics
  6 naga ritualists
  An arcanist (D:13)
  An obsidian statue (Gauntlet)
  A phantasmal warrior (D:14)
  5 cyclopes
  3 deep elf pyromancers
  6 mana vipers
  A wolf spider (D:15)
  An oklob plant (Lair:2)
  6 manticores
  6 orc sorcerers (Orc:2)
  9 salamanders
  23 elephants
  18 ugly things
  A meliai (shapeshifter) (D:14)
  11 naga magi
  2 kobold blastminers (Orc:1)
  A meliai (D:13)
  34 black mambas
  4 guardian serpents
  A black mamba (shapeshifter) (D:13)
  3 gargoyles
  8 cane toads
  6 kobold demonologists
  3 rime drakes
  An efreet (D:15)
  2 unseen horrors
  4 tengu conjurers
  6 komodo dragons
  A freezing wraith (D:13)
  4 merfolk (Lair:3)
  4 trolls
  3 polar bears
  A troll (shapeshifter) (D:14)
  A hornet (shapeshifter) (D:13)
  2 hornets
  30 blink frogs
  5 dream sheep (Lair:5)
  10 slime creatures
  A shadow (D:12)
  2 wraiths (D:7)
  A vampire (D:12)
  54 yaks
  4 hogs (D:12)
  5 spriggans (Bailey)
  2 basilisks
  5 wyverns
  A human (shapeshifter) (D:13)
  2 steam dragons
  3 wargs
  7 vampire mosquitoes
  A naga (shapeshifter) (D:13)
  30 nagas
  16 water moccasins
  A swamp drake (D:10)
  11 orc warriors
  An ice beast (D:6)
  2 black bears
  12 ogres
  3 centaurs
  25 wolves
  3 phantoms
  8 kobold brigands
  A brain worm (Sewer)
  A gnoll sergeant (D:12)
  3 scorpions
  9 bullfrogs
  13 wights
  14 killer bees
  3 electric eels
  7 howler monkeys (D:9)
  2 bombardier beetles
  5 hounds
  11 jellies
  A gnoll bouda (D:5)
  9 orc priests
  A sleepcap (D:6)
  2 iguanas
  33 orc wizards
  10 adders
  15 gnolls
  2 river rats (Sewer)
  6 ribbon worms
  A white imp (D:5)
  2 ufetubi (D:6)
  59 orcs
  8 ball pythons
  4 bats
  10 endoplasms
  A giant cockroach (D:4)
  5 goblins
  5 hobgoblins
  4 jackals (D:1)
  3 quokkas
  A frilled lizard (D:2)
  23 kobolds
  10 rats
838 creatures vanquished.

Vanquished Creatures (others)
  2 orc wizards
  An orc (D:4)
3 creatures vanquished.

Grand Total: 841 creatures vanquished

Notes
Turn   | Place    | Note
-------+----------+-------------------------------------------
     0 | D:1      | bmb222 the Demonspawn Fighter began the quest for the Orb.
     0 | D:1      | Reached XP level 1. HP: 18/18 MP: 1/1
   261 | D:1      | Gained mutation: A meltable shield of frost defends you.
                  | (SH +0) [demonic ancestry]
   261 | D:1      | Reached XP level 2. HP: 24/24 MP: 2/2
  1211 | D:2      | Gained mutation: You have a somewhat thin skeletal
                  | structure. (Dex +2, Stealth+) [demonic ancestry]
  1211 | D:2      | Reached XP level 3. HP: 29/29 MP: 3/3
  1349 | D:2      | Reached skill level 1 in Stealth
  2150 | D:3      | Reached XP level 4. HP: 35/35 MP: 4/4
  2430 | D:3      | Identified the +6 scale mail of Bulaixek {Regen+ rCorr
                  | Int+5 Dex-2}
  2552 | D:3      | Found a faded altar of an unknown god.
  2892 | D:4      | Gained mutation: You may rarely emit foul miasma when
                  | damaged in melee. [demonic ancestry]
  2892 | D:4      | Reached XP level 5. HP: 42/42 MP: 5/5
  2936 | D:4      | Noticed an ogre
  2950 | D:4      | Killed an ogre
  2958 | D:4      | Reached XP level 6. HP: 33/48 MP: 6/6
  3120 | D:4      | Found Foulaora's Tremendous Tomes.
  3277 | D:4      | Noticed an orc warrior
  3284 | D:4      | Killed an orc warrior
  3300 | D:4      | Noticed an angel
  3310 | D:4      | Found a basalt altar of Yredelemnul.
  3312 | D:4      | Noticed a profane servitor
  3688 | D:5      | Entered Level 5 of the Dungeon
  3704 | D:5      | Gained mutation: You sometimes emit foul miasma when
                  | damaged in melee. [demonic ancestry]
  3704 | D:5      | Reached XP level 7. HP: 55/55 MP: 7/7
  3778 | D:5      | Found a staircase to the Ecumenical Temple.
  3783 | D:5      | Identified the +0 trident of Cheese {flame, *Slow rCorr
                  | Str+3 Int+3 Stlth+}
  3801 | Temple   | Entered the Ecumenical Temple
  3894 | Temple   | Became a worshipper of the Wu Jian Council
  4329 | D:5      | Reached skill level 5 in Fighting
  4426 | D:5      | Found The Oracle's Delphic Readings.
  4650 | D:6      | Gained mutation: You have a moderately thin skeletal
                  | structure. (Dex +4, Stealth++) [demonic ancestry]
  4650 | D:6      | Reached XP level 8. HP: 62/62 MP: 8/8
  4770 | D:6      | Reached * piety under Wu Jian
  4955 | D:6      | Reached skill level 5 in Armour
  4976 | D:6      | Reached skill level 5 in Shields
  5108 | D:6      | Found a glowing drain.
  5147 | Sewer    | Entered a sewer
  5746 | Sewer    | Reached skill level 5 in Short Blades
  6304 | D:6      | Reached skill level 5 in Stealth
  6304 | D:6      | Reached XP level 9. HP: 64/69 MP: 9/9
  7031 | D:5      | Bought a scroll of brand weapon for 114 gold pieces
  7031 | D:5      | Identified a scroll of acquirement
  7031 | D:5      | Acquired the +1 pair of boots of Nujuw {rF+ Str+4}
  7215 | D:7      | Reached ** piety under Wu Jian
  7271 | D:7      | Reached skill level 1 in Long Blades
  7277 | D:7      | Paralysed by a hornet for 1 turns
  7491 | D:7      | Noticed a brown ugly thing
  7492 | D:7      | Noticed a manticore
  7492 | D:7      | Noticed a brown ugly thing
  7494 | D:7      | Noticed a boulder beetle
  7667 | D:7      | Identified the ring "Puiciah" {Will++ Slay+4}
  7707 | D:7      | Killed an unseen horror
  7789 | D:7      | Killed a manticore
  7875 | D:7      | Killed a white ugly thing
  7876 | D:7      | Reached XP level 10. HP: 64/79 MP: 10/10
  7877 | D:7      | Killed a brown ugly thing
  7915 | D:7      | Killed a boulder beetle
  7916 | D:7      | Reached skill level 5 in Long Blades
  7949 | D:7      | Identified the ring "Xuafezy" {rN+ Str+6 Slay+2}
  7966 | D:7      | Identified the amulet "Celoeva" {Reflect Regen+ SH+5}
  7969 | D:7      | Identified the ring of Rut Beas {Wiz rCorr Int+3}
  8032 | D:8      | Identified the +5 sling of Terra Cotta {drain, Stlth+}
  8446 | D:8      | Found a runed translucent door.
  8446 | D:8      | Noticed BigPumpCobain's ghost (novice TrSh)
  8730 | D:8      | Killed BigPumpCobain's ghost
  8743 | D:8      | Got Sif Muna's Incunabulum of Malediction and Creation
  8908 | D:9      | Found a shimmering blue altar of Sif Muna.
  9037 | D:9      | Found a flagged portal.
  9067 | Bailey   | Entered a bailey
  9095 | Bailey   | Reached XP level 11. HP: 86/86 MP: 11/11
  9137 | Bailey   | Identified the +1 sling "Osauk" {antimagic, SInv}
  9141 | Bailey   | Noticed a two-headed ogre
  9147 | Bailey   | Killed a two-headed ogre
  9155 | Bailey   | Identified the +7 halberd "Veluh" {freeze, +Blink Will+
                  | rCorr Stlth+}
  9230 | D:9      | Reached *** piety under Wu Jian
  9661 | D:10     | Entered Level 10 of the Dungeon
  9661 | D:10     | Noticed a two-headed ogre
  9668 | D:10     | Killed a two-headed ogre
  9723 | D:10     | Found a shadowy altar of Dithmenos.
  9727 | D:10     | Found a hazy altar of Hepliaklqana.
  9785 | D:10     | Noticed a two-headed ogre
  9793 | D:10     | Killed a two-headed ogre
  9813 | D:10     | Found a burning altar of Makhleb.
  9864 | D:10     | Identified the amulet of Propriety {Acrobat Harm rElec
                  | Regen+ Str+4}
 10003 | D:10     | Found a staircase to the Lair.
 10068 | D:10     | Found a blossoming altar of Fedhas.
 10071 | D:10     | Found a sacrificial altar of Ru.
 10076 | D:10     | Found an iron altar of Okawaru.
 10287 | D:10     | Reached **** piety under Wu Jian
 10313 | D:10     | Found a staircase to the Orcish Mines.
 11266 | D:12     | Noticed Erolcha
 11277 | D:12     | Killed Erolcha
 11278 | D:12     | Reached XP level 12. HP: 75/97 MP: 12/12
 11331 | D:12     | Reached ***** piety under Wu Jian
 11414 | D:12     | Noticed a boulder beetle
 11446 | D:12     | Killed a boulder beetle
 11447 | D:12     | Reached skill level 10 in Fighting
 11447 | D:12     | Reached skill level 10 in Long Blades
 11499 | D:12     | Noticed Kirke
 11503 | D:12     | Found a gate leading to a gauntlet.
 11510 | Gauntlet | Entered a Gauntlet
 11510 | Gauntlet | Found a transporter.
 11519 | Gauntlet | Noticed a green death
 11522 | Gauntlet | Found a transporter.
 11535 | Gauntlet | Found a runed translucent door.
 11538 | Gauntlet | Found a transporter.
 11540 | Gauntlet | Found a transporter.
 11552 | Gauntlet | Found a transporter.
 11568 | Gauntlet | Noticed a quicksilver ooze
 11569 | Gauntlet | Found a runed translucent gate.
 11570 | Gauntlet | Found a transporter.
 11570 | Gauntlet | Found a runed translucent gate.
 11573 | Gauntlet | Found a transporter.
 11577 | Gauntlet | Found a transporter.
 11584 | Gauntlet | Found a runed translucent gate.
 11604 | Gauntlet | Found a transporter.
 11610 | Gauntlet | Noticed a green death
 11621 | Gauntlet | Found a transporter.
 11625 | Gauntlet | Found a transporter.
 11625 | Gauntlet | Noticed a blizzard demon
 11633 | Gauntlet | Found a transporter.
 11702 | Gauntlet | Identified the ring of Yhoxzadgh {Ice Dex+3}
 11752 | Gauntlet | Killed a quicksilver ooze
 11757 | Gauntlet | Identified the +2 helmet of Demar {Rampage Dex+2}
 11946 | Gauntlet | Noticed a minotaur
 11959 | Gauntlet | Killed a minotaur
 11995 | D:12     | Acquired a +1 demon blade of freezing
 12004 | D:12     | Killed Kirke
 13040 | D:13     | Noticed a two-headed ogre
 13055 | D:13     | Killed a two-headed ogre
 13058 | D:13     | Reached XP level 13. HP: 90/104 MP: 0/13
 13063 | D:13     | Reached skill level 5 in Dodging
 13590 | D:13     | Found a runed translucent gate.
 13590 | D:13     | Found a runed translucent gate.
 13591 | D:13     | Found a runed translucent gate.
 13594 | D:13     | Noticed Fack's ghost (journeyman GnFi)
 13693 | D:13     | Identified the staff of False Accusations {rN+ Int+3 Dex-4
                  | Necro}
 14112 | D:13     | Found the +7 great mace "Undeadhunter" {deathbane, rN+}
 14703 | D:14     | Found a bloodstained altar of Trog.
 14730 | D:14     | Found Jelivys's Jewellery Boutique.
 15006 | D:14     | Noticed an ettin
 15105 | D:14     | Killed an ettin
 15136 | D:14     | Reached skill level 10 in Dodging
 15477 | D:14     | Found a sparkling altar of Nemelex Xobeh.
 15686 | D:14     | Noticed a fire giant
 15701 | D:14     | Killed a fire giant
 15702 | D:14     | Gained mutation: You have an unnaturally thin skeletal
                  | structure. (Dex +6, Stealth+++) [demonic ancestry]
 15702 | D:14     | Reached XP level 14. HP: 94/111 MP: 9/14
 15996 | D:14     | Found a gate to the Vaults.
 16032 | D:14     | Noticed a storm dragon
 16068 | D:14     | Killed a storm dragon
 16330 | D:14     | Found the +9 sword of Power {lifebolt}
 16424 | D:15     | Entered Level 15 of the Dungeon
 16492 | D:15     | Found a staircase to the Depths.
 16505 | D:15     | Reached ****** piety under Wu Jian
 16594 | D:15     | Reached skill level 1 in Evocations
 17051 | D:15     | Found a radiant altar of Vehumet.
 17556 | Orc:1    | Entered Level 1 of the Orcish Mines
 17565 | Orc:1    | Noticed an orc warlord
 17693 | Orc:1    | Killed an orc warlord
 18312 | Orc:2    | Entered Level 2 of the Orcish Mines
 18316 | Orc:2    | Found a staircase to the Elven Halls.
 18769 | Orc:2    | Found Zikh's Distillery.
 18955 | Orc:2    | Found a radiant altar of Vehumet.
 18963 | Orc:2    | Found Faaw's Jewellery Shop.
 18977 | Orc:2    | Noticed Nergalle
 18978 | Orc:2    | Found an ancient bone altar of Kikubaaqudgha.
 18982 | Orc:2    | Killed Nergalle
 19113 | Orc:2    | Found Jikle Molich's Antique Armour Shop.
 19144 | Orc:2    | Found Dyc Waso's Magic Scroll Boutique.
 19562 | Lair:1   | Entered Level 1 of the Lair of Beasts
 19768 | Lair:1   | Gained mutation: You have sharp fingernails. [demonic
                  | ancestry]
 19768 | Lair:1   | Reached XP level 15. HP: 121/121 MP: 2/15
 20019 | Lair:1   | Noticed Fannar
 20024 | Lair:1   | Killed Fannar
 20366 | Lair:1   | Identified the staff "Ellanacs" {rElec rN+ Necro}
 20722 | Lair:2   | Gained mutation: You expend magic power (3 MP) to
                  | strengthen your wands. [potion of mutation]
 21174 | Lair:2   | Found a staircase to the Snake Pit.
 21618 | Lair:3   | Reached skill level 5 in Evocations
 21780 | Lair:3   | Found a staircase to the Shoals.
 22748 | Lair:3   | You fall into a shaft and drop 2 floors!
 22748 | Lair:5   | Entered Level 5 of the Lair of Beasts
 23081 | Lair:5   | Lost mutation: You expend magic power (3 MP) to strengthen
                  | your wands. [potion of mutation]
 23081 | Lair:5   | Gained mutation: You have hidden genetic defects. [potion
                  | of mutation]
 23081 | Lair:5   | Gained mutation: You passively dampen the noise of your
                  | surroundings. [potion of mutation]
 23081 | Lair:5   | Gained mutation: You possess an exceptional clarity of
                  | mind. [potion of mutation]
 23482 | Lair:5   | Gained mutation: You do not regenerate when monsters are
                  | visible. [hidden defects]
 23514 | Lair:5   | Gained mutation: You have very sharp fingernails. [demonic
                  | ancestry]
 23514 | Lair:5   | Reached XP level 16. HP: 56/133 MP: 1/16
 23701 | Lair:5   | Lost mutation: You have hidden genetic defects. [potion of
                  | mutation]
 23701 | Lair:5   | Lost mutation: You do not regenerate when monsters are
                  | visible. [potion of mutation]
 23701 | Lair:5   | Lost mutation: You passively dampen the noise of your
                  | surroundings. [potion of mutation]
 23701 | Lair:5   | Gained mutation: You are dopey. (Int -2) [potion of
                  | mutation]
 23701 | Lair:5   | Gained mutation: You are occasionally teleported next to
                  | monsters. [potion of mutation]
 23701 | Lair:5   | Lost mutation: You are occasionally teleported next to
                  | monsters. [potion of mutation]
 23943 | Lair:5   | Found a viscous altar of Jiyva.
 23943 | Lair:5   | Noticed an acid blob
 23946 | Lair:5   | Noticed an acid blob
 23951 | Lair:5   | Killed an acid blob
 23955 | Lair:5   | Killed an acid blob
 23958 | Lair:5   | HP: 6/134 [titanic slime creature (71)]
 24692 | Lair:4   | Found a runed translucent door.
 24692 | Lair:4   | Found a viscous altar of Jiyva.
 24722 | Lair:4   | Found a staircase to the Slime Pits.
 24722 | Lair:4   | Noticed an acid blob
 25891 | Depths:1 | Entered Level 1 of the Depths
 25905 | Depths:1 | Reached skill level 15 in Fighting
 25906 | Depths:1 | HP: 4/136 [stone giant/large rock (20)]
 26145 | Snake:1  | Entered Level 1 of the Snake Pit
 26434 | Snake:1  | Reached skill level 10 in Armour
 26673 | Snake:1  | Reached skill level 15 in Long Blades
 27811 | Snake:2  | Identified the ring "Gilaoh" {rPois rN+ Dex+3 Slay-5}
 28790 | Snake:3  | Identified the amulet "Enoy" {Spirit rElec rPois Int+2}
 28905 | Snake:3  | Reached XP level 17. HP: 144/144 MP: 15/17
 29101 | Snake:3  | Identified the +6 quarterstaff "Qaeru" {freeze, Int+2
                  | Dex+3}
 29544 | Snake:4  | Entered Level 4 of the Snake Pit
 30525 | Snake:4  | Killed from afar by a salamander tyrant

Illustrated notes

Levels and vault maps discovered:
D:1:      wheals_arrival_linesprint, layout_basic, serial_corexii_hall,
          corexii_hall_statues_i, corexii_hall_statues_s
D:2:      layout_loops_corners, lexackson_kobold_supper
D:3:      layout_loops_ring, chequers_ecumenical_altar_simple
D:4:      layout_loops_ring, grunt_temple_overflow_holy_war,
          nicolae_shop_i_like_big_books, minmay_diced_spiral
D:5:      layout_basic, minmay_temple_entry_ruins, nicolae_nh_oracle_at_delphi
D:6:      layout_loops_corners, mainiacjoe_sewer_entry_somewhere_in_here_2
D:7:      minmay_the_grid_triangle_9x9_rhombus_thin
          [minmay_the_grid_triangle_9x9_descending_squares,
          minmay_the_grid_triangle_9x9_prize_special,
          minmay_the_grid_triangle_9x9_shrine,
          minmay_the_grid_triangle_9x9_empty], layout_gridville
D:8:      layout_loops_cross, ebering_ghost_inner_flame, nicolae_tricolors
D:9:      layout_irregular_city, mainiacjoe_overflow_concentric_impassable,
          enter_bailey_2
D:10:     layout_gridville, riverfiend_overflow_shadow_ancestor,
          mainiacjoe_overflow_boulevard, grunt_temple_overflow_diamond,
          lair_entry_dummy, erik_orc_1
D:11:     layout_loops_ring
D:12:     layout_loops_ring, gauntlet_entry_generic, reono_crystal_passage,
          uniq_erolcha, uniq_kirke
D:13:     layout_rooms, gammafunk_ghost_spectres, minmay_hollow_rounded_squares
D:14:     minmay_guarded_unrand_sword_of_power, layout_small_grid,
          erik_vaults_2, nemelex_spade_bored_becter,
          minmay_shop_enchanted_jewellery, bloody_trog
D:15:     hangedman_depths_entry_try_elsewhere_first, layout_long_grid,
          minivault_14, chequers_garden, nicolae_vehumet_altar_sigil
Temple:   compressed_dpeg_triangle_lava_temple
Lair:1:   layout_misc_corridors, uniq_fannar
Lair:2:   layout_regular_city, guppyfry_snake_entry_island,
          grunt_forest_small_clearing_treed, grunt_megastairs_4
Lair:3:   layout_cave_pods, elwin_shoals_entry_stream, serial_bayou_shore_a
Lair:4:   layout_loops_ring, slime_entry_2, lemuel_fruit_tree,
          infiniplex_staircase_pool, grunt_megastairs_3, serial_bayou_shore_b
Lair:5:   evilmike_catoblepas_cave, layout_loops_ring, special_room
          [special_room_jelly], grunt_megastairs_5, serial_bayou_shore_b
Snake:1:  layout_concentric_octagons, serial_library_hellmonk_open_square,
          nicolae_snake_gridmaze_spiral
Snake:2:  layout_onion
Snake:3:  layout_honeycomb
Snake:4:  snake_pit, layout_gridlike, grunt_megastairs_2
Orc:1:    layout_diamond_mine
Orc:2:    kennysheep_orc_mage_school, layout_caves
Depths:1: layout_big_octagon, minmay_room_of_horrors, hangedman_decor_slide_cut,
          hell_entry, nicolae_lava_and_water, kennysheep_inner_square,
          serial_bayou_shore_b, minmay_shop_star

Skill      XL: |  1  2  3  4  5  6  7  8  9 10 11 12 13 14 15 16 17 |
---------------+----------------------------------------------------+-----
Short Blades   | 2 3 4 5 |  5.2
Armour         | 3 4 5 6 7 8 9 10 11 | 11.0
Shields        | 3 4 5 6 7 8 9 |  9.1
Stealth        | 1 2 3 5 |  5.2
Fighting       | 4 5 6 7 8 9 10 12 14 15 16 | 16.6
Long Blades    | 4 6 9 11 12 14 15 16 | 16.1
Dodging        | 4 10 11 | 11.5
Evocations     | 4 6 7 |  7.6

Action                     |  1- 3 |  4- 6 |  7- 9 | 10-12 | 13-15 | 16-18 || total
---------------------------+-------+-------+-------+-------+-------+-------++-------
  Melee: Rapier            |    49 |       |       |       |       |       ||    49
         Dagger            |    90 |   136 |   347 |       |       |       ||   573
         Short sword       |       |       |   129 |       |       |       ||   129
         Long sword        |       |       |   109 |   477 |       |       ||   586
         Demon blade       |       |       |       |   113 |   375 |       ||   488
         Great sword       |       |       |       |       |   613 |   523 ||  1136
 Invoke: Serpent's Lash    |       |       |       |       |       |     3 ||     3
Ability: Lunge             |       |       |    14 |    38 |    76 |    63 ||   191
         Whirlwind         |       |       |     9 |    50 |    89 |   140 ||   288
  Evoke: Wand              |       |       |       |     3 |       |       ||     3
    Use: Scroll            |       |       |    16 |    11 |     2 |     2 ||    31
         Potion            |       |       |       |     1 |     2 |     1 ||     4
   Stab: Sleeping          |     3 |     3 |    14 |    11 |    23 |    28 ||    82
         Paralysed         |       |       |       |     2 |       |       ||     2
         Distracted        |       |       |       |       |     5 |     5 ||    10
 Armour: Scale mail        |    56 |    55 |   305 |   333 |   522 |   291 ||  1562
  Dodge: Dodged            |    42 |    33 |   120 |   154 |   646 |   381 ||  1376
  Block: Buckler           |    41 |    63 |   210 |   414 |   108 |       ||   836
         Reflection        |       |       |       |     7 |     7 |     7 ||    21
         Kite shield       |       |       |       |       |    99 |       ||    99
         Other             |       |       |       |       |   242 |   138 ||   380

Table legend: (Time is in decaauts)
 A = Elapsed time spent in this place.
 B = Non-inter-level travel time spent in this place.
 C = Inter-level travel time spent in this place.
 D = Time resting spent in this place.
 E = Time spent auto-exploring this place.
 F = Levels seen in this place.
 G = Mean time per level.
                   A        B        C        D        E       F      G
               +--------+--------+--------+--------+--------+-----+--------+
         Total |  30593 |  28584 |   2009 |   1968 |  20387 |  31 |  986.9 |
       Dungeon |  16147 |  14642 |   1505 |    805 |  10723 |  15 | 1076.5 |
        Temple |    120 |    120 |      0 |      0 |      0 |   1 |  120.0 |
          Lair |   6279 |   5939 |    340 |    177 |   4622 |   5 | 1255.8 |
     Snake Pit |   4370 |   4302 |     68 |    384 |   3031 |   4 | 1092.5 |
  Orcish Mines |   1837 |   1742 |     95 |     39 |   1344 |   2 |  918.5 |
        Depths |     16 |     16 |      0 |      0 |      0 |   1 |   16.0 |
         Sewer |   1194 |   1194 |      0 |    400 |    470 |   1 | 1194.0 |
        Bailey |    146 |    146 |      0 |      0 |     55 |   1 |  146.0 |
      Gauntlet |    479 |    479 |      0 |    163 |    140 |   1 |  479.0 |
               +--------+--------+--------+--------+--------+-----+--------+

Top non-repeatable levels by time:
  Lair:5: 1806 daAuts
    D:14: 1753 daAuts
    D:13: 1634 daAuts
 Snake:1: 1406 daAuts
    D:12: 1352 daAuts
  Lair:3: 1280 daAuts
     D:7: 1245 daAuts
   Sewer: 1194 daAuts
   Orc:2: 1153 daAuts
  Lair:2: 1140 daAuts
    D:15: 1130 daAuts
  Lair:4: 1093 daAuts
     D:1: 1090 daAuts
    D:10: 1079 daAuts
 Snake:3: 1052 daAuts
